cohdb
Replays
Latest Replays
All Replays
Popular Replays
Top Player Replays
Match Explorer
How It Works
Community
CoH3 Stats
Reddit
Sign in to upload your games and track your stats! →
Sign in with Steam
Match 41511058
Unlisted
Match 41511058
Overview
Messages
Build Orders
End
Construct Weapon Support Center
Scout Squad
M1919 Machine Gun Team
Selects Advanced Infantry Battlegroup
M1919 Machine Gun Team
Engineer Squad
Air Support Center
Grasshopper Recon Run
M3 Armored Personnel Carrier
Engineer Squad
Selects Ammunition Storage
M3 Armored Personnel Carrier
P-47 Dive Bomb
Grasshopper Recon Run
Bazooka Squad
Selects M2A1 105mm Howitzer Emplacement
Grasshopper Recon Run
Bazooka Squad
Lionheart
Rummel
Kys-tier rat
guxun
[CoA] Deathkrieg
506767261
嫂子开门我是我哥
皮皮
0
0
Comments
sign in to comment!
No comments posted yet!